 Dungeon Crawl Stone Soup version 0.19.5 (webtiles) character file.

280 Keye the Poker (level 6, 0/42 HPs)
             Began as an Octopode Berserker on May 5, 2017.
             Was a Believer of Trog.
             Slain by nano's ghost (4 damage)
             ... on level 4 of the Dungeon.
             The game lasted 00:04:26 (2758 turns).

Keye the Poker (Octopode Berserker)                 Turns: 2758, Time: 00:04:27

Health: 0/42       AC:  1    Str: 21    XL:     6   Next: 27%
Magic:  6/6        EV: 11    Int: 10    God:    Trog [**....]
Gold:   172        SH:  7    Dex: 13    Spells: 0 memorised, 5 levels left

rFire  . . .     SeeInvis .     a - +0 spear
rCold  . . .     Gourm    .     r - +0 shield (curse)
rNeg   . . .     Faith    .     (helmet restricted)
rPois  .         Spirit   .     (no amulet)
rElec  .         Reflect  .     (no ring)
rCorr  .         Harm     .     (no ring)
MR     .....                    (no ring)
Stlth  +.........               (no ring)
                                (no ring)
                                (no ring)
                                (no ring)
                                (no ring)

@: mighty, exhausted, slowed, glowing, very slow
A: almost no armour, stealthy swim, amphibious, 8 rings, constrict 8, camouflage
1, gelatinous body 1
a: Berserk, Trog's Hand, Burn Spellbooks, Renounce Religion


You were on level 4 of the Dungeon.
You worshipped Trog.
Trog was pleased with you.
You were hungry.

You visited 1 branch of the dungeon, and saw 4 of its levels.

You collected 172 gold pieces.

Inventory:

Hand Weapons
 a - a +0 spear (weapon)
Armour
 h - a +2 cloak
 r - a cursed +0 shield (worn)
Wands
 p - a wand of disintegration (12/24)
 t - a wand of paralysis (16/24)
Scrolls
 e - a scroll of teleportation {unknown}
 f - 2 scrolls of magic mapping {unknown}
 i - a scroll of amnesia {unknown}
 k - a scroll of identify {unknown}
 m - a scroll of enchant weapon {unknown}
 n - 2 scrolls of remove curse {unknown}
 s - a scroll of fear {unknown}
Potions
 d - 4 potions of might
 g - a potion of flight {unknown}
 l - 2 potions of experience {unknown}
 o - 2 potions of curing {unknown}
Comestibles
 b - 3 bread rations
 c - 3 meat rations
 j - 4 beef jerkies
 q - 2 chunks of flesh


   Skills:
 - Level 3.0 Fighting
 + Level 6.8 Polearms
 - Level 3.0 Dodging


You had 5 spell levels left.
You didn't know any spells.

Dungeon Overview and Level Annotations

Branches:
Dungeon (4/15)
 Temple: D:4-7

Altars:
Elyvilon
Fedhas
Okawaru

Annotations:
D:4 nano's ghost, amateur SpEn


Innate Abilities, Weirdness & Mutations

You cannot wear most types of armour.
You are very stealthy in the water. (Stealth+)
You are amphibious.
You can wear up to eight rings at the same time.
You can use your tentacles to constrict eight enemies at once.
Your skin changes colour to match your surroundings (Stealth+).
Your rubbery body absorbs attacks. (AC +1, EV +1)


Message History

Nano's ghost is heavily damaged.
Nano's ghost barely misses you.
You closely miss nano's ghost.
Nano's ghost is heavily damaged.
Nano's ghost hits you.
* * * LOW HITPOINT WARNING * * *
You closely miss nano's ghost. Your squeeze misses nano's ghost.
Nano's ghost is moderately damaged.
Nano's ghost hits you.
* * * LOW HITPOINT WARNING * * *
It was a potion of might.
You feel very mighty all of a sudden. Nano's ghost hits you.
* * * LOW HITPOINT WARNING * * *
Nano's ghost casts a spell at you.
You are outlined in light.
You barely miss nano's ghost.
Nano's ghost is moderately damaged.
Nano's ghost hits you.
You die...

#### .....
....# .....#
#########.....#
...............
##.## ##.W.##
##..@..##
#.......#
#.......##
#.........#
#.........##
#####.......#
#⌠..####....#
#......#....#
#......##...#


You could see nano's ghost.

Vanquished Creatures
  A scorpion (D:3)
  Terence (D:2)
  An orc wizard (D:3)
  A worker ant (D:4)
  3 gnolls (D:3)
  5 adders
  4 worms
  2 leopard geckos
  5 orcs (D:3)
  2 ball pythons (D:1)
  2 giant cockroaches (D:3)
  8 goblins
  6 hobgoblins
  A jackal (D:4)
  8 kobolds
  A quokka (D:3)
  9 bats
  3 frilled lizards
  9 rats
72 creatures vanquished.

Notes
Turn   | Place    | Note
-------+----------+-------------------------------------------
     0 | D:1      | Keye the Octopode Berserker began the quest for the Orb.
     0 | D:1      | Reached XP level 1. HP: 16/16 MP: 1/1
   120 | D:1      | Reached XP level 2. HP: 21/21 MP: 2/2
   443 | D:1      | Reached skill level 4 in Polearms
   446 | D:1      | Reached XP level 3. HP: 26/26 MP: 3/3
   689 | D:2      | Reached ** piety under Trog
   808 | D:2      | Found a white marble altar of Elyvilon.
   864 | D:2      | Noticed Terence
   868 | D:2      | Killed Terence
   868 | D:2      | Reached XP level 4. HP: 21/31 MP: 4/4
  1159 | D:2      | Found an iron altar of Okawaru.
  1354 | D:2      | Found a blossoming altar of Fedhas.
  1682 | D:3      | Reached skill level 5 in Polearms
  1711 | D:3      | Found a faded altar of an unknown god.
  1807 | D:3      | Reached XP level 5. HP: 22/36 MP: 5/5
  2023 | D:3      | Reached skill level 6 in Polearms
  2538 | D:3      | Reached XP level 6. HP: 42/42 MP: 6/6
  2729 | D:4      | Noticed nano's ghost (amateur SpEn)
  2758 | D:4      | Slain by nano's ghost

Skill      XL: |  1  2  3  4  5 |
---------------+----------------+-----
Polearms       | 4 5 6 |  6.8
Fighting       | |  3.0
Dodging        | |  3.0

Action                   |  1- 3 |  4- 6 || total
-------------------------+-------+-------++-------
Melee: Spear             |    62 |   125 ||   187
       Constrict         |    12 |    27 ||    39
       Tentacles         |     8 |    27 ||    35
Invok: Berserk           |     1 |     2 ||     3
  Use: Potion            |       |     1 ||     1
 Stab: Sleeping          |     8 |     9 ||    17
  Eat: Chunk             |     1 |     7 ||     8
Armor: Skin              |     2 |     5 ||     7
Dodge: Dodged            |    22 |    41 ||    63
Block: Shield            |       |     5 ||     5
